TOP OF THE 1ST |
St Charles Sheens batting - Pitching for Vista Panthers : RHP Cris Rincón
|
Pitching: RHP Cris Rincón
|
|
Batting: LHB Gene Cooper
|
0-0: Foul Ball, location: 2F 0-1: SINGLE (Line Drive, 34D)
|
Batting: RHB Dan Tyler
|
0-0: Ball 1-0: Called Strike 1-1: Ball 2-1: Foul Ball, location: 2F 2-2: Foul Ball, location: 2F 2-2: Foul Ball, location: 2F 2-2: Foul Ball, location: 2F 2-2: Ball 3-2: Foul Ball, location: 2F 3-2: Foul Ball, location: 2F 3-2: Foul Ball, location: 2F 3-2: DOUBLE (Flyball, 78XD) Gene Cooper to third
|
Batting: LHB Bob Ware
|
0-0: Ball 1-0: Ball 2-0: Ball Wild Pitch! Gene Cooper scores Dan Tyler to third 3-0: Called Strike 3-1: Base on Balls
|
Batting: RHB Judson Backstrom
|
0-0: Ball 1-0: Foul Ball, location: 2F 1-1: Ball 2-1: SINGLE (Line Drive, 4M) Dan Tyler scores Bob Ware to second Runner from 2nd tries for 3rd, SAFE, throw made to third
|
Batting: LHB Juan Jose Rojas
|
0-0: Ball 1-0: SINGLE (Groundball, 34D) Bob Ware scores Judson Backstrom to second Runner from 2nd tries for 3rd, SAFE, throw made to third
|
Batting: LHB Stan Bates
|
0-0: SINGLE (Groundball, 3D) Judson Backstrom scores Juan Jose Rojas to second Runner from 2nd tries for 3rd, SAFE, throw made to third
|
Batting: RHB Guillermo Sánchez
|
0-0: Ground out 2-3 (Groundball, 25) Stan Bates to second
|
Batting: RHB Max Rash
|
0-0: Foul Ball, location: 2F 0-1: Ball 1-1: Ball 2-1: Ground out 5-3 (Groundball, 56) Juan Jose Rojas scores
|
Batting: SHB Theron Harper
|
0-0: Ball 1-0: Ground out 6-3 (Groundball, 6)
|
Top of the 1st over - 5 run(s), 5 hit(s), 0 error(s), 1 left on base; St Charles 5 - Vista 0 |
BOTTOM OF THE 1ST |
Vista Panthers batting - Pitching for St Charles Sheens : LHP Ben Moody
|
Pitching: LHP Ben Moody
|
|
Batting: RHB Bonifacio Torres
|
0-0: Ground out 4-3 (Groundball, 4M)
|
Batting: RHB Phil Matthews
|
0-0: Ball 1-0: Fly out, F4 (Popup, 4)
|
Batting: RHB Salvador Salas
|
0-0: Ball 1-0: Fly out, F9 (Line Drive, 89M)
|
Bottom of the 1st over - 0 run(s), 0 hit(s), 0 error(s), 0 left on base; St Charles 5 - Vista 0 |
TOP OF THE 2ND |
St Charles Sheens batting - Pitching for Vista Panthers : RHP Cris Rincón
|
Batting: LHB Gene Cooper
|
0-0: Ball 1-0: Foul Ball, location: 2F 1-1: Ball 2-1: Ground out 4-3 (Groundball, 4)
|
Batting: RHB Dan Tyler
|
0-0: Ball 1-0: Foul Ball, location: 2F 1-1: Foul Ball, location: 2F 1-2: Ground out 6-3 (Groundball, 6)
|
Batting: LHB Bob Ware
|
0-0: Ball 1-0: Ball 2-0: Called Strike 2-1: Foul Ball, location: 2F 2-2: Ball 3-2: Ground out U3 (Groundball, 3L)
|
Top of the 2nd over - 0 run(s), 0 hit(s), 0 error(s), 0 left on base; St Charles 5 - Vista 0 |
BOTTOM OF THE 2ND |
Vista Panthers batting - Pitching for St Charles Sheens : LHP Ben Moody
|
Batting: RHB Alfredo López
|
0-0: Ball 1-0: Ball 2-0: Called Strike 2-1: Ball 3-1: Foul Ball, location: 2F 3-2: Strikes out swinging
|
Batting: RHB Roberto Cruz
|
0-0: Ground out 4-3 (Groundball, 4)
|
Batting: SHB Mark Wells
|
0-0: Ball 1-0: Called Strike 1-1: Swinging Strike 1-2: Ground out 6-3 (Groundball, 6)
|
Bottom of the 2nd over - 0 run(s), 0 hit(s), 0 error(s), 0 left on base; St Charles 5 - Vista 0 |
TOP OF THE 3RD |
St Charles Sheens batting - Pitching for Vista Panthers : RHP Cris Rincón
|
Batting: RHB Judson Backstrom
|
0-0: Foul Ball, location: 2F 0-1: Ball 1-1: Fly out, F3 (Popup, 3L)
|
Batting: LHB Juan Jose Rojas
|
0-0: Ball 1-0: Called Strike 1-1: Swinging Strike 1-2: Ball 2-2: Ball 3-2: Strikes out looking
|
Batting: LHB Stan Bates
|
0-0: Fly out, F8 (Flyball, 8LM)
|
Top of the 3rd over - 0 run(s), 0 hit(s), 0 error(s), 0 left on base; St Charles 5 - Vista 0 |
BOTTOM OF THE 3RD |
Vista Panthers batting - Pitching for St Charles Sheens : LHP Ben Moody
|
Batting: LHB Patrick Osborne
|
0-0: Called Strike 0-1: Ball 1-1: Ground out 5-3 (Groundball, 5S)
|
Batting: RHB Wilson López
|
0-0: Ball 1-0: SINGLE (Line Drive, 34)
|
Batting: RHB Justin Burgess
|
0-0: Ball 1-0: Called Strike 1-1: Ball 2-1: Swinging Strike 2-2: Foul Ball, location: 2F 2-2: Strikes out swinging
|
Batting: RHB Bonifacio Torres
|
0-0: Swinging Strike 0-1: Fly out, F8 (Flyball, 89XD)
|
Bottom of the 3rd over - 0 run(s), 1 hit(s), 0 error(s), 1 left on base; St Charles 5 - Vista 0 |
TOP OF THE 4TH |
St Charles Sheens batting - Pitching for Vista Panthers : RHP Cris Rincón
|
Batting: RHB Guillermo Sánchez
|
0-0: Called Strike 0-1: SINGLE (Groundball, 15) (infield hit)
|
Batting: RHB Max Rash
|
0-0: Called Strike 0-1: Fly out, F9 (Flyball, 9S) 0-1: Fly out, F9 (Flyball, 9S)
|
Batting: SHB Theron Harper
|
0-0: Called Strike 0-1: Foul Ball, location: 2F 0-2: SINGLE (Groundball, 13) (infield hit) Guillermo Sánchez to second
|
Batting: LHB Gene Cooper
|
0-0: Called Strike 0-1: Ball 1-1: Foul Ball, location: 2F 1-2: Ball 2-2: Ball 3-2: DOUBLE (Line Drive, 7LS) Guillermo Sánchez scores Theron Harper to third
|
Pitching: LHP Li-xue Si-ma
|
|
Batting: RHB Dan Tyler
|
0-0: Called Strike 0-1: Fly out, F8 (Flyball, 8RXD) Runner from 3rd tags up, SCORES, no throw
|
Batting: LHB Bob Ware
|
0-0: Ball 1-0: Ball 2-0: Foul Ball, location: 2F 2-1: Called Strike 2-2: Strikes out swinging
|
Top of the 4th over - 2 run(s), 3 hit(s), 0 error(s), 1 left on base; St Charles 7 - Vista 0 |
BOTTOM OF THE 4TH |
Vista Panthers batting - Pitching for St Charles Sheens : LHP Ben Moody
|
Batting: RHB Phil Matthews
|
0-0: Foul Ball, location: 2F 0-1: Fly out, F7 (Flyball, 7LM)
|
Batting: RHB Salvador Salas
|
0-0: Called Strike 0-1: Ball 1-1: Ball 2-1: Called Strike 2-2: Ball 3-2: Strikes out swinging
|
Batting: RHB Alfredo López
|
0-0: Ball 1-0: Swinging Strike 1-1: Swinging Strike 1-2: Foul Ball, location: 2F 1-2: Ball 2-2: Strikes out looking
|
Bottom of the 4th over - 0 run(s), 0 hit(s), 0 error(s), 0 left on base; St Charles 7 - Vista 0 |
TOP OF THE 5TH |
St Charles Sheens batting - Pitching for Vista Panthers : LHP Li-xue Si-ma
|
Batting: RHB Judson Backstrom
|
0-0: Ball 1-0: Foul Ball, location: 2F 1-1: Swinging Strike 1-2: Foul Ball, location: 2F 1-2: SINGLE (Groundball, 4MD)
|
Batting: LHB Juan Jose Rojas
|
0-0: Called Strike 0-1: Called Strike 0-2: Strikes out swinging
|
Batting: LHB Stan Bates
|
0-0: Foul Ball, location: 2F 0-1: Called Strike 0-2: Ball 1-2: Grounds into double play, 6-4-3 (Groundball, 6)
|
Top of the 5th over - 0 run(s), 1 hit(s), 0 error(s), 0 left on base; St Charles 7 - Vista 0 |
BOTTOM OF THE 5TH |
Vista Panthers batting - Pitching for St Charles Sheens : LHP Ben Moody
|
Batting: RHB Roberto Cruz
|
0-0: Called Strike 0-1: Fly out, F3 (Popup, 3F)
|
Batting: SHB Mark Wells
|
0-0: Called Strike 0-1: Foul Ball, location: 2F 0-2: Ground out 2-3 (Groundball, 2R)
|
Batting: LHB Patrick Osborne
|
0-0: Called Strike 0-1: Ball 1-1: Fly out, F7 (Line Drive, 7M)
|
Bottom of the 5th over - 0 run(s), 0 hit(s), 0 error(s), 0 left on base; St Charles 7 - Vista 0 |
TOP OF THE 6TH |
St Charles Sheens batting - Pitching for Vista Panthers : LHP Li-xue Si-ma
|
Batting: RHB Guillermo Sánchez
|
0-0: Called Strike 0-1: Ground out 6-3 (Groundball, 6)
|
Batting: RHB Max Rash
|
0-0: Called Strike 0-1: Called Strike 0-2: Strikes out swinging
|
Batting: SHB Theron Harper
|
0-0: Foul Ball, location: 2F 0-1: Ball 1-1: Ball 2-1: Ground out 5-3 (Groundball, 5)
|
Top of the 6th over - 0 run(s), 0 hit(s), 0 error(s), 0 left on base; St Charles 7 - Vista 0 |
BOTTOM OF THE 6TH |
Vista Panthers batting - Pitching for St Charles Sheens : LHP Ben Moody
|
Batting: RHB Wilson López
|
0-0: Called Strike 0-1: SOLO HOME RUN (Flyball, 78XD), Distance : 415 ft
|
Batting: RHB Justin Burgess
|
0-0: Swinging Strike 0-1: Ball 1-1: Swinging Strike 1-2: Ball 2-2: Ball 3-2: Foul Ball, location: 2F 3-2: Foul Ball, location: 2F 3-2: Strikes out swinging
|
Batting: RHB Bonifacio Torres
|
0-0: Called Strike 0-1: Swinging Strike 0-2: Ball 1-2: Strikes out swinging
|
Batting: RHB Phil Matthews
|
0-0: Called Strike 0-1: Ball 1-1: Foul Ball, location: 2F 1-2: Ground out 6-3 (Groundball, 6M)
|
Bottom of the 6th over - 1 run(s), 1 hit(s), 0 error(s), 0 left on base; St Charles 7 - Vista 1 |
TOP OF THE 7TH |
St Charles Sheens batting - Pitching for Vista Panthers : LHP Li-xue Si-ma
|
Batting: LHB Gene Cooper
|
0-0: SINGLE (Line Drive, 4M)
|
Pitching: LHP Mario Tobías
|
|
Batting: RHB Dan Tyler
|
0-0: Bunted foul 0-1: Sac Bunt - play at first, batter safe! Gene Cooper to second
|
Batting: LHB Bob Ware
|
0-0: Fly out, F3 (Line Drive, 3) 0-0: Lined into DP, U3 (Line Drive, 3)
|
Batting: RHB Judson Backstrom
|
0-0: Ball 1-0: Fly out, F9 (Flyball, 89D)
|
Top of the 7th over - 0 run(s), 2 hit(s), 0 error(s), 1 left on base; St Charles 7 - Vista 1 |
BOTTOM OF THE 7TH |
Vista Panthers batting - Pitching for St Charles Sheens : LHP Ben Moody
|
Batting: RHB Salvador Salas
|
0-0: Called Strike 0-1: Called Strike 0-2: Foul Ball, location: 2F 0-2: Strikes out swinging
|
Batting: RHB Alfredo López
|
0-0: Called Strike 0-1: Ball 1-1: Called Strike 1-2: Strikes out swinging
|
Batting: RHB Roberto Cruz
|
0-0: Ball 1-0: Foul Ball, location: 2F 1-1: Foul Ball, location: 2F 1-2: Strikes out swinging
|
Bottom of the 7th over - 0 run(s), 0 hit(s), 0 error(s), 0 left on base; St Charles 7 - Vista 1 |
TOP OF THE 8TH |
St Charles Sheens batting - Pitching for Vista Panthers : LHP Mario Tobías
|
Batting: LHB Juan Jose Rojas
|
0-0: Foul Ball, location: 2F 0-1: Called Strike 0-2: Ball 1-2: Foul Ball, location: 2F 1-2: Strikes out looking
|
Batting: LHB Stan Bates
|
0-0: Ball 1-0: Ground out 6-3 (Groundball, 6)
|
Batting: RHB Guillermo Sánchez
|
0-0: Ball 1-0: Ball 2-0: Ball 3-0: Called Strike 3-1: Swinging Strike 3-2: Foul Ball, location: 2F 3-2: SINGLE (Flyball, 89S)
|
Batting: RHB Max Rash
|
0-0: Fly out, F3 (Line Drive, 3S)
|
Top of the 8th over - 0 run(s), 1 hit(s), 0 error(s), 1 left on base; St Charles 7 - Vista 1 |
BOTTOM OF THE 8TH |
Vista Panthers batting - Pitching for St Charles Sheens : LHP Ben Moody
|
Batting: SHB Mark Wells
|
0-0: Ball 1-0: Foul Ball, location: 2F 1-1: Foul Ball, location: 2F 1-2: Fly out, F8 (Flyball, 8RS)
|
Batting: LHB Patrick Osborne
|
0-0: Called Strike 0-1: Ground out 5-3 (Groundball, 56)
|
Batting: RHB Wilson López
|
0-0: Called Strike 0-1: Swinging Strike 0-2: Ground out 4-3 (Groundball, 4)
|
Bottom of the 8th over - 0 run(s), 0 hit(s), 0 error(s), 0 left on base; St Charles 7 - Vista 1 |
TOP OF THE 9TH |
St Charles Sheens batting - Pitching for Vista Panthers : LHP Mario Tobías
|
Batting: SHB Theron Harper
|
0-0: Called Strike 0-1: SINGLE (Line Drive, 4D)
|
Batting: LHB Gene Cooper
|
0-0: Ball 1-0: Called Strike 1-1: Ball 2-1: Called Strike 2-2: Foul Ball, location: 2F 2-2: Fielders Choice at 2nd, 1-4 (Groundball, 13S)
|
Batting: RHB Dan Tyler
|
0-0: Ball 1-0: Ball 2-0: Ball 3-0: Fly out, F3 (Popup, 3DF)
|
Batting: LHB Bob Ware
|
0-0: Ball 1-0: Ball 2-0: Ball 3-0: Foul Ball, location: 2F 3-1: Base on Balls Gene Cooper to second
|
Batting: RHB Judson Backstrom
|
0-0: Fly out, F8 (Flyball, 8RD)
|
Top of the 9th over - 0 run(s), 1 hit(s), 0 error(s), 2 left on base; St Charles 7 - Vista 1 |
BOTTOM OF THE 9TH |
Vista Panthers batting - Pitching for St Charles Sheens : LHP Ben Moody
|
Batting: RHB Justin Burgess
|
0-0: Ball 1-0: Called Strike 1-1: Swinging Strike 1-2: Ball 2-2: SINGLE (Line Drive, 4D)
|
Batting: RHB Bonifacio Torres
|
0-0: Fly out, F9 (Flyball, 89M)
|
Batting: RHB Phil Matthews
|
0-0: Ball 1-0: Called Strike 1-1: Ball 2-1: Fly out, F8 (Flyball, 8LD)
|
Batting: RHB Salvador Salas
|
0-0: Ground out 2-3 (Groundball, 25)
|
Bottom of the 9th over - 0 run(s), 1 hit(s), 0 error(s), 1 left on base; St Charles 7 - Vista 1 |
|